 Dungeon Crawl Stone Soup version 0.28-b1-25-g9875b3fc8c (webtiles) character file.

Game seed: 9369568931719807538

685 lordive the Destroyer (level 7, -2/37 HPs)
             Began as a Tengu Conjurer on Feb 1, 2022.
             Killed from afar by Harold (15 damage)
             ... with a harpoon shot
             ... while paralysed by Harold
             ... on level 7 of the Dungeon.
             The game lasted 00:05:49 (4041 turns).

lordive the Destroyer (Tengu Conjurer)              Turns: 4041, Time: 00:05:50

Health: -2/37      AC:  2    Str:  7    XL:     7   Next: 62%
Magic:  10/14      EV:  2    Int: 20    God:
Gold:   159        SH:  0    Dex: 13    Spells: 11/14 levels left

rFire   . . .      SeeInvis .   b - staff of conjuration
rCold   . . .      Faith    .   (no shield)
rNeg    . . .      Spirit   .   a - +0 robe
rPois   .          Reflect  .   (helmet restricted)
rElec   .          Harm     .   (no cloak)
rCorr   .          Rampage  .   (no gloves)
Will    .....                   (boots unavailable)
Stlth   ++........              (no amulet)
HPRegen 0.12/turn               (no ring)
MPRegen 0.14/turn               (no ring)

@: paralysed, marked, flying quickly and evasively, quick
A: beak, talons 3, nimble flight
a: no special abilities


You were on level 7 of the Dungeon.
You visited 1 branch of the dungeon, and saw 5 of its levels.

You collected 159 gold pieces.

Inventory:

Armour
 a - a +0 robe (worn)
Magical Staves
 b - a staff of conjuration (weapon)
Jewellery
 c - a ring of ice
 i - a ring of fire
Scrolls
 h - 2 scrolls of immolation {unknown}
 j - a scroll of identify {unknown}
 k - a scroll of fog {unknown}
 m - a scroll of blinking {unknown}
 o - a scroll of enchant armour {unknown}
Potions
 d - 2 potions of mutation {unknown}
 e - 2 potions of curing {unknown}
 f - a potion of attraction {unknown}
 g - a potion of berserk rage {unknown}
 l - a potion of might {unknown}
 n - a potion of haste {unknown}
 p - a potion of lignification {unknown}


   Skills:
 + Level 0.7 Fighting
 + Level 3.2 Dodging
 - Level 2.0 Stealth
 + Level 4.3 Spellcasting
 + Level 9.9 Conjurations


You had 11 spell levels left.
You knew the following spells:

 Your Spells              Type           Power      Damage    Failure   Level
a - Magic Dart            Conj           100%       1d8       1%          1
b - Searing Ray           Conj           100%       2d8       1%          2

Your spell library contained the following spells:

 Spells                   Type           Power      Damage    Failure   Level
 Dazzling Flash           Conj/Hex       72%        N/A       4%          3
 Fulminant Prism          Conj/Hex       18%        3d11      16%         4
 Iskenderun's Mystic Bla  Conj/Tloc      36%        2d9       16%         4


Dungeon Overview and Level Annotations

Branches:
Dungeon (4/15)
 Temple: D:4-7

Altars:
Makhleb
Wu Jian

Shops:
D:2 [   D:7 *

Annotations:
D:7 Harold


Innate Abilities, Weirdness & Mutations

You have a beak for a mouth.
You have claws for feet.
Your magical nature lets you fly swiftly and evasively.


Message History

Harold shouts!
You hear the quick creaking of a very distant portcullis.
You feel a surge of power!
The magic dart hits Harold but does no damage.
Harold is lightly wounded.
Casting: Magic Dart (safe; 1% risk of failure)
Confirm with . or Enter, or press ? or * to list all spells.
Aiming: Searing Ray (safe; 1% risk of failure)
Press: ? - help, Shift-Dir - straight line, f/p - Harold
Aim: Harold, wielding a +0 scimitar, wearing a +0 chain mail, quivering a throwing net and carrying a wand of paralysis (9) (lightly wounded, 92% to hit)
You feel a surge of power!
The searing ray hits Harold.
Harold is lightly wounded. (Press . to maintain the ray.) Unknown command.
The searing ray hits Harold!
Harold is moderately wounded.
Harold hits you with a +0 scimitar!
The searing ray hits Harold!
Harold is moderately wounded.
Harold hits you with a +0 scimitar!
Unknown command.
Unknown command.
Harold throws a throwing net.
The throwing net hits you.
You become entangled in the net!
You see here a throwing net.
You struggle against the net.
You struggle against the net.
Harold pauses a moment, imagining something with a smile on his face.
Harold casts a spell at you. A sentinel's mark forms upon you.
You rip the net and break free!
Harold zaps a wand.
You suddenly lose the ability to move!
Harold gestures at you while chanting. The mark upon you grows brighter.
Harold considers, "I think I'll use your bounty to get a fishing boat..."
Harold zaps a wand.
You shrug off the repeated paralysis!
Harold zaps a wand.
You resist with some effort. Harold fires a harpoon shot at you.
The harpoon shot hits you!
You die...

#####...##... ##...........#.
#####.............. #..#
#.[..........# ##..#
#........##.# ##...#
#.......##... ##.#.##
#...)..##.... #
#..#.#####......#..... ##.
####.@.))))........._.
###...#####..####......#.....
.>........@..####......##....
#.#...######.##.......#.##...
##. #........##(###...##.# ..
#.###.......###..###.# .#
#.........#......# #.. #
#.#.#...........## ###
#.#...#...####### #


You could see Harold.

Vanquished Creatures
  Sigmund (D:2)
  An ice beast (D:7)
  A bullfrog (D:7)
  A water moccasin skeleton (D:3)
  A hound (D:4)
  An iguana (D:4)
  Ijyb (D:3)
  An orc wizard (D:3)
  A howler monkey zombie (D:7)
  8 gnolls
  4 adders
  An ufetubus (D:4)
  A worm (D:2)
  3 dart slugs (D:1)
  7 orcs
  7 endoplasms
  3 giant cockroaches
  9 hobgoblins
  2 jackals (D:4)
  2 kobolds
  3 quokkas
  7 ball pythons
  4 bats
  2 frilled lizards (D:1)
  11 goblins
  2 rats (D:1)
85 creatures vanquished.

Vanquished Creatures (others)
  5 plants (D:3)
5 creatures vanquished.

Grand Total: 90 creatures vanquished

Notes
Turn   | Place    | Note
-------+----------+-------------------------------------------
     0 | D:1      | lordive the Tengu Conjurer began the quest for the Orb.
     0 | D:1      | Reached XP level 1. HP: 10/10 MP: 4/4
   268 | D:1      | Reached XP level 2. HP: 15/15 MP: 4/6
   356 | D:1      | Reached skill level 6 in Conjurations
   419 | D:1      | Learned a level 2 spell: Searing Ray
   687 | D:1      | Reached XP level 3. HP: 19/19 MP: 5/7
   880 | D:1      | Found a faded altar of an unknown god.
  1161 | D:2      | Noticed Sigmund
  1167 | D:2      | Killed Sigmund
  1168 | D:2      | Reached skill level 8 in Conjurations
  1168 | D:2      | Reached XP level 4. HP: 11/24 MP: 0/9
  1168 | D:2      | Gained mutation: Your magical nature lets you fly swiftly
                  | and evasively. [Tengu growth]
  1168 | D:2      | Reached XP level 5. HP: 13/28 MP: 0/10
  1487 | D:2      | Found a burning altar of Makhleb.
  1549 | D:2      | Reached XP level 6. HP: 32/32 MP: 6/11
  1787 | D:2      | Found Issetaz's Armour Shop.
  2086 | D:3      | Reached skill level 9 in Conjurations
  2414 | D:3      | Noticed Ijyb
  2417 | D:3      | Paralysed by Ijyb for 7 turns
  2427 | D:3      | Paralysed by Ijyb for 7 turns
  2442 | D:3      | Paralysed by Ijyb for 2 turns
  2444 | D:3      | Killed Ijyb
  3166 | D:4      | Reached XP level 7. HP: 24/37 MP: 2/13
  3605 | D:4      | You are sucked into a shaft and drop 3 floors!
  3917 | D:7      | Found an ornate altar of the Wu Jian Council.
  3953 | D:7      | Found Dorest's General Store.
  4024 | D:7      | Noticed Harold
  4037 | D:7      | Paralysed by Harold for 7 turns
  4041 | D:7      | Killed from afar by Harold

Illustrated notes

Levels and vault maps discovered:
D:1:      psy_arrival_basics, layout_basic, dreamdust_ecumenical_altar_statues,
          minmay_split_cup_small
D:2:      layout_rooms, basic_altar, serial_shops, nicolae_shop_hallway_plus,
          uniq_sigmund
D:3:      cheibrodos_old_hovel, layout_loops_ring, uniq_ijyb
D:4:      layout_rooms, minmay_goblin_outpost
D:7:      minmay_polygon_palace, layout_loops_cross, lemuel_round_altar,
          serial_shops, shop, nicolae_take_the_stairs, shop_fountains,
          enter_bailey_2, uniq_joseph, uniq_harold

Skill      XL: |  1  2  3  4  5  6  7 |
---------------+----------------------+-----
Conjurations   | 6 8 9 |  9.9
Dodging        | 3 |  3.2
Spellcasting   | 3 4 |  4.3
Fighting       | |  0.7
Stealth        | |  2.0

Action                   |  1- 3 |  4- 6 |  7- 9 || total
-------------------------+-------+-------+-------++-------
 Cast: Magic Dart        |    47 |    36 |    50 ||   133
       Searing Ray       |     2 |    17 |     5 ||    24
Armor: Robe              |     1 |     1 |       ||     2
Dodge: Dodged            |     1 |    15 |     7 ||    23
